 Dungeon Crawl Stone Soup version 0.30-a0-54-g2e61a25929 (webtiles) character file.

Game seed: 4726217262539952832

248 kae the Firebug (level 5, 0/38 HPs)
             Began as a Demigod Fire Elementalist on Sept 7, 2022.
             Slain by Dowan
             ... wielding a +0 hand axe
              (4 damage)
             ... on level 4 of the Dungeon.
             The game lasted 00:03:50 (3762 turns).

kae the Firebug (Demigod Fire Elementalist)         Turns: 3762, Time: 00:03:51

Health: 0/38       AC:  2    Str:  9    XL:     5   Next: 55%
Magic:  3/11       EV: 12    Int: 25    God:
Gold:   191        SH:  0    Dex: 14    Spells: 3/9 levels left

rFire   . . .      SeeInvis .    f - +10 short sword of the Shrinking Gods {vorpal, Will+ Int+4}
rCold   . . .      Faith    .    (no shield)
rNeg    . . .      Spirit   .    a - +0 robe
rPois   .          Reflect  .    (no helmet)
rElec   .          Harm     .    (no cloak)
rCorr   .          Rampage  .    (no gloves)
Will    +....                    (no boots)
Stlth   ++........               (no amulet)
HPRegen 0.12/turn                (no ring)
MPRegen 0.12/turn                (no ring)

@: no status effects
A: high MP 1, forlorn, divine attributes
a: no special abilities


You were on level 4 of the Dungeon.
You visited 1 branch of the dungeon, and saw 4 of its levels.

You collected 191 gold pieces.


Innate Abilities, Weirdness & Mutations

You have an increased reservoir of magic. (+10% MP)
You shall have no god before yourself.
Your divine heritage dramatically boosts your attributes as you level up.


   Skills:
 * Level 2.2 Short Blades
 - Level 1.7 Dodging
 - Level 1.7 Stealth
 + Level 2.6 Spellcasting
 * Level 2.9 Conjurations
 * Level 4.0 Fire Magic


You had 3 spell levels left.
You knew the following spells:

 Your Spells              Type           Power      Damage    Failure   Level
a - Foxfire               Conj/Fire      80%        2x1d8     2%          1
b - Scorch                Fire           46%        2d7       3%          2
c - Conjure Flame         Conj/Fire      20%        6-21      8%          3

Your spell library contained the following spells:

 Spells                   Type           Power      Damage    Failure   Level
 Sandblast                Erth           6%         2d5       11%         1
 Inner Flame              Hex/Fire       13%        N/A       14%         3
 Passwall                 Tmut/Erth      2%         N/A       16%         2
 Stone Arrow              Conj/Erth      20%        3d8       17%         3
 Flame Wave               Conj/Fire      20%        2d7       26%         4

Inventory:

Hand Weapons
 f - the +10 short sword of the Shrinking Gods (weapon) {vorpal, Will+ Int+4}
   (You acquired it on level 1 of the Dungeon)

   It inflicts extra damage upon your enemies.
   Int:       It affects your intelligence (+4).
   Will:      It increases your willpower.
Missiles
 c - 21 stones
Armour
 a - a +0 robe (worn)
Scrolls
 d - a scroll of identify {@r1}
 m - 3 scrolls of blinking {!r}
 n - a scroll of vulnerability {!r!r}
Potions
 b - 2 potions of magic
 e - a potion of resistance
 h - 2 potions of ambrosia
 i - 2 potions of berserk rage {unknown}
 j - a potion of degeneration {!q}
 k - 2 potions of curing {@q1}
 l - a potion of brilliance
 o - a potion of lignification {!q}
 q - 2 potions of mutation {!q}

Dungeon Overview and Level Annotations

Branches:
Dungeon (4/15) Zot: 20228
 Temple: D:4-7

Shops:
D:1 ([

Annotations:
D:4 Dowan, Duvessa

...#.. .....
... . ... ###.
.. ... .... ...
#.# ..#
#...###K#..#
#...#e#.#####
#.e@.>.....
###.####### #.#
##### #.# #....
#.# #....
####.# #....
#....# #....
#.#############
#.<..
#.............#
#....


You could see Duvessa (combustible), Dowan and a kobold.


Message History

You lost 2 mp, and now have 7/11 mp.
An adder is nearby!
Casting: Scorch (safe; 3% risk of failure)
Confirm with . or Enter, or press ? or * to list all spells.
Flames lash the adder.
The adder is burned terribly!
You kill the adder!
Your Short Blades skill increases to level 2! 😕 MP[-1]
You lost 1 mp, and now have 6/11 mp.
k - 2 potions of curing {@q1} (gained 1)
A scorpion comes into view. 😎 HP[+3] MP[+5]
Your hp is fully restored (38).
Your mp is fully restored (11).
Unknown command.
A scorpion is nearby!
A scorpion is nearby!
Casting: Scorch (safe; 3% risk of failure)
Confirm with . or Enter, or press ? or * to list all spells.
Flames lash the scorpion.
The scorpion's fire resistance burns away. 😎 MP[-2]
You lost 2 mp, and now have 9/11 mp.
Casting: Scorch (safe; 3% risk of failure)
Confirm with . or Enter, or press ? or * to list all spells.
Flames lash the scorpion.
The scorpion is burned terribly!
You kill the scorpion!
Your Fire Magic skill increases to level 4! 😎 MP[-2]
You lost 2 mp, and now have 7/11 mp.
Casting: Scorch (safe; 3% risk of failure)
Confirm with . or Enter, or press ? or * to list all spells.
You can't see any susceptible monsters within range! (Use Z to cast anyway.)
Casting: Scorch (safe; 3% risk of failure)
Confirm with . or Enter, or press ? or * to list all spells.
You can't see any susceptible monsters within range! (Use Z to cast anyway.)
Found a stone staircase leading up. 😎 MP[+2]
You regained 2 mp, and now have 9/11 mp.
d - a scroll of identify {@r1} 😎 MP[+1]
You see here an adder corpse.
Found a stone staircase leading down. 😎 MP[+1]
Your mp is fully restored (11).
Duvessa is nearby!
Duvessa is nearby!
Duvessa is nearby!
Okay, then.
Duvessa shouts!
You hear a shout!
Casting: Scorch (safe; 3% risk of failure)
Confirm with . or Enter, or press ? or * to list all spells.
You conjure some foxfire!
The foxfire hits Duvessa. x2 😎 MP[-1]
You lost 1 mp, and now have 10/11 mp.
Casting: Foxfire (safe; 2% risk of failure)
Confirm with . or Enter, or press ? or * to list all spells.
Flames lash Duvessa but do no damage.
You hear a shout! 😎 MP[-2]
You lost 2 mp, and now have 8/11 mp.
Casting: Scorch (safe; 3% risk of failure)
Confirm with . or Enter, or press ? or * to list all spells.
Flames lash Duvessa.
Duvessa's fire resistance burns away.
Duvessa barely misses you.
Duvessa hits you with a +0 short sword! 😕 HP[-7] MP[-2]
You take 7 damage, and now have 31/38 hp.
You lost 2 mp, and now have 6/11 mp.
Casting: Scorch (safe; 3% risk of failure)
Confirm with . or Enter, or press ? or * to list all spells.
Flames lash Duvessa.
Duvessa is burned terribly!
Duvessa barely misses you. Duvessa misses you. 😕 MP[-1]
You lost 1 mp, and now have 5/11 mp.
Unknown command.
Casting: Scorch (safe; 3% risk of failure)
Confirm with . or Enter, or press ? or * to list all spells.
Flames lash Dowan.
Dowan's fire resistance burns away.
A kobold comes into view. It is wielding a +0 short sword.
Dowan gestures at you while chanting. The puff of flame hits you.
Duvessa hits you with a +0 short sword.
* * * LOW HITPOINT WARNING * * *
😨 HP[-12] MP[-2]
You take 12 damage, and now have 19/38 hp.
MASSIVE DAMAGE!! (PAUSE)
You lost 2 mp, and now have 3/11 mp.
You barely miss Duvessa. Duvessa hits you with a +0 short sword!
* * * LOW HITPOINT WARNING * * *
Dowan smirks and points a slender finger. 😨 HP[-7]
You take 7 damage, and now have 12/38 hp.
You hit Duvessa but do no damage.
Dowan is no longer more vulnerable to fire.
Duvessa hits you with a +0 short sword!
* * * LOW HITPOINT WARNING * * *
Dowan says, "My weaknesses are her strengths!"
Dowan hits you with a +0 hand axe.
You die...

Skill      XL: |  1  2  3  4  5 |
---------------+----------------+-----
Conjurations   | 1 2 |  2.9
Fire Magic     | 3 4 |  4.0
Spellcasting   | 2 |  2.6
Short Blades   | 1 2 |  2.2
Dodging        | |  1.7
Stealth        | |  1.7

Action                   |  1- 3 |  4- 6 || total
-------------------------+-------+-------++-------
Melee: Short sword       |    77 |    27 ||   104
 Cast: Foxfire           |    24 |     9 ||    33
       Scorch            |       |    25 ||    25
  Use: Scroll            |    11 |     3 ||    14
 Stab: Sleeping          |     9 |       ||     9
Armor: Robe              |    21 |     1 ||    22
Dodge: Dodged            |    44 |    41 ||    85

Levels and vault maps discovered:
D:1:      dpeg_arrival_lava_temple_mockup, layout_basic, serial_shops, shop,
          shop
D:2:      layout_rooms, serial_park_tiny_1
D:3:      minmay_inner_zag, layout_basic, uniq_jessica
D:4:      layout_basic, minmay_temple_entry_arrows, grunt_ministairs_14,
          uniq_duvessa

Notes
Turn   | Place    | Note
-------+----------+-------------------------------------------
     0 | D:1      | kae the Demigod Fire Elementalist began the quest for the
                  | Orb.
     0 | D:1      | Reached XP level 1. HP: 14/14 MP: 5/5
     0 | D:1      | magus.rc [v1.11.3]
    12 | D:1      | Reached skill level 1 in Conjurations
   333 | D:1      | Reached skill level 3 in Fire Magic
   333 | D:1      | Reached XP level 2. HP: 20/20 MP: 2/7
   484 | D:1      | Found Reuchicu's Armour Shop.
   499 | D:1      | Identified a scroll of acquirement
   499 | D:1      | Acquired the +10 short sword of the Shrinking Gods {vorpal,
                  | Will+ Int+4}
   674 | D:1      | Reached skill level 2 in Spellcasting
   687 | D:1      | HP: 5/20 [jackal (1)]
   696 | D:1      | HP: 4/20 [rat (2)]
   980 | D:1      | Found Sanlukad's Weapon Emporium.
   992 | D:1      | Reached XP level 3. HP: 19/26 MP: 8/8
  1228 | D:1      | Learned a level 2 spell: Scorch
  1232 | D:1      | Learned a level 3 spell: Conjure Flame
  1322 | D:2      | Reached skill level 1 in Short Blades
  1525 | D:2      | You pick up a book of Geomancy and begin reading...
  1525 | D:2      | You add the spells Sandblast, Passwall and Stone Arrow to
                  | your library.
  1898 | D:2      | Reached skill level 2 in Conjurations
  2330 | D:3      | Reached XP level 4. HP: 33/33 MP: 10/10
  2565 | D:2      | HP: 8/33 [orc/+0 hand axe (7)]
  2872 | D:3      | Noticed Jessica
  2903 | D:3      | Killed Jessica
  2904 | D:3      | Reached XP level 5. HP: 30/38 MP: 1/11
  3210 | D:4      | Noticed Duvessa
  3219 | D:4      | Noticed Dowan
  3226 | D:4      | HP: 3/38 [orc priest/divine providence (13)]
  3607 | D:4      | Reached skill level 2 in Short Blades
  3660 | D:4      | Reached skill level 4 in Fire Magic
  3762 | D:4      | HP: 4/38 [Duvessa/+0 short sword (8)]
  3762 | D:4      | Slain by Dowan

Vanquished Creatures
  A scorpion (D:4)
  An orc priest (D:2)
  Jessica (D:3)
  An orc wizard (D:3)
  2 adders
  A dart slug (D:3)
  6 orcs
  4 ball pythons
  7 bats
  9 endoplasms
  3 giant cockroaches
  5 goblins
  11 hobgoblins
  8 jackals (D:1)
  6 quokkas
  2 frilled lizards
  2 kobolds (D:4)
  6 rats
76 creatures vanquished.

Vanquished Creatures (others)
  53 foxfires
53 creatures vanquished.

Grand Total: 129 creatures vanquished

Table legend:
 A = Non-vault XP
 B = Vault XP
 C = Vault XP percentage of total XP
 D = Non-vault monster count
 E = Vault monster count
 F = Vault count percentage of total count
                 A         B        C        D         E       F
            +---------+---------+-------+---------+---------+-------
      Total |     301 |      54 |  15.2 |      66 |      10 |  13.2
            +---------+---------+-------+---------+---------+-------
        D:1 |      53 |       0 |   0.0 |      29 |       0 |   0.0
        D:2 |      81 |       0 |   0.0 |      15 |       0 |   0.0
        D:3 |      70 |      51 |  42.1 |      17 |       8 |  32.0
        D:4 |      97 |       3 |   3.0 |       5 |       2 |  28.6
            +---------+---------+-------+---------+---------+-------

Illustrated notes

Table legend:
 A = Kills in this place as a percentage of kills in entire the game.
 B = Kills by you in this place as a percentage of kills by you in the entire game.
 C = Kills by friends in this place as a percentage of kills by friends in the entire game.
 D = Other kills in this place as a percentage of other kills in the entire game.
 E = Experience gained in this place as a percentage of experience gained in the entire game.
 F = Experience gained in this place divided by the number of levels of this place that you have seen.
                   A       B       C       D       E      F
               +-------+-------+-------+-------+-------+----------------------
         Total | 100.0 | 100.0 |   N/A |   N/A | 100.0 |  88.8
       Dungeon | 100.0 | 100.0 |   N/A |   N/A | 100.0 |  88.8
               +-------+-------+-------+-------+-------+----------------------

Table legend: (Time is in decaauts)
 A = Elapsed time spent in this place.
 B = Non-inter-level travel time spent in this place.
 C = Inter-level travel time spent in this place.
 D = Time resting spent in this place.
 E = Time spent auto-exploring this place.
 F = Levels seen in this place.
 G = Mean time per level.
                   A        B        C        D        E       F      G
               +--------+--------+--------+--------+--------+-----+--------+
         Total |   3770 |   3632 |    138 |    599 |   2524 |   4 |  942.5 |
       Dungeon |   3770 |   3632 |    138 |    599 |   2524 |   4 |  942.5 |
               +--------+--------+--------+--------+--------+-----+--------+

Top non-repeatable levels by time:
     D:1: 1277 daAuts
     D:3: 1253 daAuts
     D:2: 1015 daAuts
     D:4: 224 daAuts
